AA
GARY SOUTHSHORE RAILCATS @ SIOUX CITY EXPLORERS
07/13/2072
 
TOP OF THE 1ST
San Francisco Giants batting - Pitching for Chicago Cubs : RHP Jeremy Fields
Pitching: RHP Jeremy Fields
Batting: RHB Jorge Zavala 0-0: Ball
1-0: Ball
2-0: Foul Ball, location: 2F
2-1: Swinging Strike
2-2: Strikes out swinging
Batting: RHB Chris Meredith 0-0: Ball
1-0: Foul Ball, location: 2F
1-1: Called Strike
1-2: Strikes out swinging
Batting: LHB Josh Anderson 0-0: Called Strike
0-1: Foul Ball, location: 2F
0-2: Ball
1-2: Strikes out swinging
Top of the 1st over - 0 runs, 0 hits, 0 errors, 0 left on base; San Francisco 0 - Chicago 0
BOTTOM OF THE 1ST
Chicago Cubs batting - Pitching for San Francisco Giants : LHP Seth Knox
Pitching: LHP Seth Knox
Batting: RHB Franklin Correa 0-0: Foul Ball, location: 2F
0-1: Swinging Strike
0-2: Ball
1-2: Ball
2-2: Strikes out swinging
Batting: RHB Konrad Schneider 0-0: Ball
1-0: Foul Ball, location: 2F
1-1: Ball
2-1: Ball
3-1: Base on Balls
Batting: LHB Matt Garrett 0-0: Called Strike
0-1: Called Strike
0-2: Ball
1-2: Fly out, F8 (Flyball, 8RM, EV 87.5 MPH)
Batting: RHB Jason Dickinson 0-0: Foul Ball, location: 2F
0-1: Ball
1-1: Called Strike
1-2: Ball
2-2: Ball
3-2: Base on Balls
Konrad Schneider to second
Batting: LHB Juan Yoshimura 0-0: Ball
1-0: Ground out U3 (Groundball, 34S, EV 87.5 MPH)
Bottom of the 1st over - 0 runs, 0 hits, 0 errors, 2 left on base; San Francisco 0 - Chicago 0
TOP OF THE 2ND
San Francisco Giants batting - Pitching for Chicago Cubs : RHP Jeremy Fields
Batting: LHB Kyle Freese 0-0: Called Strike
0-1: Ball
1-1: Foul Ball, location: 2F
1-2: Foul Ball, location: 2F
1-2: Strikes out swinging
Batting: RHB Tim Selph 0-0: Fly out, F8 (Line Drive, 8RD, EV 103.1 MPH)
Batting: RHB Gabe Detres 0-0: Fly out, F8 (Flyball, 8RM, EV 77.5 MPH)
Top of the 2nd over - 0 runs, 0 hits, 0 errors, 0 left on base; San Francisco 0 - Chicago 0
BOTTOM OF THE 2ND
Chicago Cubs batting - Pitching for San Francisco Giants : LHP Seth Knox
Batting: LHB Jason Marmon 0-0: Ball
1-0: Ball
2-0: Called Strike
2-1: SOLO HOME RUN (Flyball, 9LD, EV 94.4 MPH), Distance : 346 ft
Batting: LHB Erik Pospisil 0-0: Ground out 2-3 (Groundball, 15S, EV 69.4 MPH)
Batting: SHB Adam Brubaker 0-0: Ball
1-0: Called Strike
1-1: Fly out, F8 (Flyball, 8LXD, EV 74.4 MPH)
Batting: RHB Juan Gonzalez 0-0: Ball
1-0: DOUBLE (Flyball, 8RXD, EV 101.2 MPH)
Batting: RHB Franklin Correa 0-0: Fly out, F9 (Line Drive, 9, EV 86.2 MPH)
Bottom of the 2nd over - 1 run, 2 hits, 0 errors, 1 left on base; San Francisco 0 - Chicago 1
TOP OF THE 3RD
San Francisco Giants batting - Pitching for Chicago Cubs : RHP Jeremy Fields
Batting: LHB Casey Anderson 0-0: Called Strike
0-1: Ball
1-1: Reached on error, E6 (Flyball, 56D, EV 83.1 MPH)
Batting: SHB Troy Brewster Pickoff Throw to First - Out! 1-3
0-0: Foul Ball, location: 2F
0-1: Ball
1-1: Ball
2-1: Ball
3-1: Base on Balls
Batting: LHB Rocky Lowe 0-0: Called Strike
0-1: Foul Ball, location: 2F
0-2: Ball
1-2: Strikes out looking
Batting: RHB Jorge Zavala 0-0: Called Strike
0-1: Foul Ball, location: 2F
0-2: Fielders Choice at 2nd, 6-4 (Groundball, 6, EV 80.0 MPH)
Top of the 3rd over - 0 runs, 0 hits, 1 error, 1 left on base; San Francisco 0 - Chicago 1
BOTTOM OF THE 3RD
Chicago Cubs batting - Pitching for San Francisco Giants : LHP Seth Knox
Batting: RHB Konrad Schneider 0-0: Ball
1-0: Called Strike
1-1: Foul Ball, location: 2F
1-2: Foul Ball, location: 2F
1-2: Ball
2-2: SINGLE (Groundball, 6, EV 94.4 MPH)
Batting: LHB Matt Garrett 0-0: Foul Ball, location: 2F
0-1: Fly out, F7 (Line Drive, 7, EV 95.0 MPH)
Batting: RHB Jason Dickinson 0-0: Ball
1-0: Called Strike
1-1: Swinging Strike
1-2: Ball
2-2: Foul Ball, location: 2F
2-2: Ball
3-2: Fly out, F8 (Flyball, 8LXD, EV 87.5 MPH)
Batting: LHB Juan Yoshimura 0-0: Swinging Strike
0-1: Ball
1-1: Ball
2-1: Fly out, F8 (Flyball, 8RM, EV 93.8 MPH)
Bottom of the 3rd over - 0 runs, 1 hit, 0 errors, 1 left on base; San Francisco 0 - Chicago 1
TOP OF THE 4TH
San Francisco Giants batting - Pitching for Chicago Cubs : RHP Jeremy Fields
Batting: RHB Chris Meredith 0-0: Ball
1-0: Called Strike
1-1: Ball
2-1: Foul Ball, location: 2F
2-2: Foul Ball, location: 2F
2-2: Ball
3-2: Foul Ball, location: 2F
3-2: Foul Ball, location: 2F
3-2: Foul Ball, location: 2F
3-2: Base on Balls
Batting: LHB Josh Anderson 0-0: Ball
1-0: Foul Ball, location: 2F
1-1: SINGLE (Groundball, 4MD, EV 100.6 MPH)
Chris Meredith to second
Batting: LHB Kyle Freese 0-0: Swinging Strike
0-1: Foul Ball, location: 2F
0-2: Ball
1-2: Foul Ball, location: 2F
1-2: Ball
2-2: Ball
3-2: Strikes out looking
Batting: RHB Tim Selph 0-0: Called Strike
0-1: Swinging Strike
0-2: Ball
1-2: Foul Ball, location: 2F
1-2: Ball
2-2: SINGLE (Flyball, 4MD, EV 88.1 MPH)
Chris Meredith to third
Josh Anderson to second
Batting: RHB Gabe Detres 0-0: Ground out 5-3 (Groundball, 56S, EV 64.4 MPH)
Chris Meredith scores
Josh Anderson to third
Tim Selph to second
Batting: LHB Casey Anderson 0-0: Called Strike
0-1: Ball
1-1: Foul Ball, location: 2F
1-2: Hit by Pitch
Batting: SHB Troy Brewster 0-0: Ball
1-0: Foul Ball, location: 2F
1-1: Ball
2-1: Foul Ball, location: 2F
2-2: Strikes out swinging
Top of the 4th over - 1 run, 2 hits, 0 errors, 3 left on base; San Francisco 1 - Chicago 1
BOTTOM OF THE 4TH
Chicago Cubs batting - Pitching for San Francisco Giants : LHP Seth Knox
Batting: LHB Jason Marmon 0-0: Called Strike
0-1: Ball
1-1: Ball
2-1: SINGLE (Line Drive, 78S, EV 93.1 MPH)
Batting: LHB Erik Pospisil 0-0: Fly out, F8 (Line Drive, 8LM, EV 96.2 MPH)
Batting: SHB Adam Brubaker 0-0: Foul Ball, location: 2F
0-1: Ball
1-1: Called Strike
1-2: Strikes out looking
Batting: RHB Juan Gonzalez 0-0: Called Strike
0-1: Ball
1-1: Ball
2-1: SINGLE (Line Drive, 89M, EV 103.1 MPH)
Jason Marmon to second
Batting: RHB Franklin Correa 0-0: Swinging Strike
0-1: Foul Ball, location: 2F
0-2: Ball
1-2: Ball
2-2: Ground out 6-3 (Groundball, 6MS, EV 84.4 MPH)
Bottom of the 4th over - 0 runs, 2 hits, 0 errors, 2 left on base; San Francisco 1 - Chicago 1
TOP OF THE 5TH
San Francisco Giants batting - Pitching for Chicago Cubs : RHP Jeremy Fields
Pitching: RHP Chan-ho Ford
Batting: LHB Rocky Lowe 0-0: Ball
1-0: Ball
2-0: Ball
3-0: Base on Balls
Batting: RHB Jorge Zavala 0-0: Sac Bunt to 23 - play at first, batter safe!
Rocky Lowe to second
Batting: RHB Chris Meredith 0-0: Called Strike
0-1: Foul Ball, location: 2F
0-2: Strikes out swinging
Batting: LHB Josh Anderson 0-0: Foul Ball, location: 2F
0-1: Ball
1-1: Hit by Pitch
Rocky Lowe to third
Jorge Zavala to second
Batting: LHB Kyle Freese 0-0: Ball
Wild Pitch!
Rocky Lowe scores
Jorge Zavala to third
Josh Anderson to second
1-0: Foul Ball, location: 2F
1-1: Swinging Strike
1-2: Fly out, F8 (Flyball, 8LD, EV 100.6 MPH)
Runner from 3rd tags up, SCORES, throw by CF
Josh Anderson to third
Batting: RHB Tim Selph 0-0: Called Strike
0-1: Ball
1-1: Called Strike
1-2: Ball
2-2: DOUBLE (Groundball, 5L, EV 95.6 MPH)
Josh Anderson scores
Pitching: RHP Jeremy Card
Batting: RHB Gabe Detres 0-0: Ball
1-0: Called Strike
1-1: Ball
2-1: Swinging Strike
2-2: Ball
3-2: Strikes out swinging
Top of the 5th over - 3 runs, 2 hits, 0 errors, 1 left on base; San Francisco 4 - Chicago 1
BOTTOM OF THE 5TH
Chicago Cubs batting - Pitching for San Francisco Giants : LHP Seth Knox
Pitching: RHP Moritz Moed
Batting: RHB Konrad Schneider 0-0: Ball
1-0: Ball
2-0: Ground out 6-3 (Groundball, 6, EV 110.0 MPH)
Batting: LHB Matt Garrett 0-0: Called Strike
0-1: Ball
1-1: Foul Ball, location: 2F
1-2: Ball
2-2: Fly out, F6 (Flyball, 56D, EV 76.9 MPH)
Batting: RHB Jason Dickinson 0-0: Ground out 6-3 (Groundball, 6, EV 82.5 MPH)
Bottom of the 5th over - 0 runs, 0 hits, 0 errors, 0 left on base; San Francisco 4 - Chicago 1
TOP OF THE 6TH
San Francisco Giants batting - Pitching for Chicago Cubs : RHP Jeremy Card
Batting: LHB Casey Anderson 0-0: Ball
1-0: Called Strike
1-1: Ball
2-1: Ball
3-1: Base on Balls
Batting: SHB Troy Brewster 0-0: Foul Ball, location: 2F
0-1: TRIPLE (Flyball, 78XD, EV 103.8 MPH)
Casey Anderson scores
Batting: LHB Rocky Lowe 0-0: Ball
1-0: Fly out, F7 (Flyball, 7D, EV 102.5 MPH)
Runner from 3rd tags up, SCORES, no throw by LF
Pinch Hitting: RHB Mark Felter 0-0: Ball
1-0: Swinging Strike
1-1: Called Strike
1-2: Foul Ball, location: 2F
1-2: Ball
2-2: Strikes out swinging
Batting: RHB Chris Meredith 0-0: Ball
1-0: Ball
2-0: Ground out 5-3 (Groundball, 56S, EV 85.0 MPH)
Top of the 6th over - 2 runs, 1 hit, 0 errors, 0 left on base; San Francisco 6 - Chicago 1
BOTTOM OF THE 6TH
Chicago Cubs batting - Pitching for San Francisco Giants : RHP Moritz Moed
Now at SS: Mark Felter
Batting: LHB Juan Yoshimura 0-0: Called Strike
0-1: Called Strike
0-2: Ball
1-2: Strikes out looking
Batting: LHB Jason Marmon 0-0: Ball
1-0: Foul Ball, location: 2F
1-1: Called Strike
1-2: Foul Ball, location: 2F
1-2: Strikes out looking
Batting: LHB Erik Pospisil 0-0: Ball
1-0: Foul Ball, location: 2F
1-1: Foul Ball, location: 2F
1-2: Ball
2-2: Strikes out swinging
Bottom of the 6th over - 0 runs, 0 hits, 0 errors, 0 left on base; San Francisco 6 - Chicago 1
TOP OF THE 7TH
San Francisco Giants batting - Pitching for Chicago Cubs : RHP Jeremy Card
Pinch Hitting: LHB Jared Guzman 0-0: Ball
1-0: Ball
2-0: Fly out, F8 (Line Drive, 8RM, EV 100.0 MPH)
Batting: RHB Josh Brooks 0-0: Called Strike
0-1: Fly out, F9 (Line Drive, 9, EV 86.2 MPH)
Pinch Hitting: RHB Jeff Piel 0-0: Swinging Strike
0-1: Ball
1-1: Called Strike
1-2: Strikes out swinging
Top of the 7th over - 0 runs, 0 hits, 0 errors, 0 left on base; San Francisco 6 - Chicago 1
BOTTOM OF THE 7TH
Chicago Cubs batting - Pitching for San Francisco Giants : RHP Moritz Moed
Now at 1B: Jeremy Lane
Now in CF: Chris Rode
Batting: SHB Adam Brubaker 0-0: Foul Ball, location: 2F
0-1: Ball
1-1: SOLO HOME RUN (Flyball, 89XD, EV 103.1 MPH), Distance : 441 ft
Batting: RHB Juan Gonzalez 0-0: Foul Ball, location: 2F
0-1: Fly out, F5 (Popup, 25F, EV 81.9 MPH)
Pinch Hitting: RHB Jason Turney 0-0: Ball
1-0: Called Strike
1-1: Ball
2-1: Ball
3-1: Swinging Strike
3-2: Foul Ball, location: 2F
3-2: Strikes out swinging
Pinch Hitting: RHB Diego Nieto 0-0: Called Strike
0-1: Called Strike
0-2: Ground out 6-3 (Groundball, 6, EV 90.0 MPH)
Bottom of the 7th over - 1 run, 1 hit, 0 errors, 0 left on base; San Francisco 6 - Chicago 2
TOP OF THE 8TH
San Francisco Giants batting - Pitching for Chicago Cubs : RHP Jeremy Card
Pitching: RHP Kile Barnes
Now at 1B: Jason Turney
Now at 3B: Diego Nieto
Batting: RHB Gabe Detres 0-0: Foul Ball, location: 2F
0-1: Ball
1-1: Ball
2-1: Ground out U3 (Groundball, 34, EV 110.6 MPH)
Pinch Hitting: LHB Casey Grimaldi 0-0: Called Strike
0-1: Swinging Strike
0-2: Foul Ball, location: 2F
0-2: Strikes out swinging
Pinch Hitting: RHB Luis Ocampo 0-0: Swinging Strike
0-1: Ball
1-1: Ball
2-1: Fly out, F1 (Line Drive, P, EV 62.5 MPH)
Top of the 8th over - 0 runs, 0 hits, 0 errors, 0 left on base; San Francisco 6 - Chicago 2
BOTTOM OF THE 8TH
Chicago Cubs batting - Pitching for San Francisco Giants : RHP Moritz Moed
Pitching: RHP Kyle Pierce
Now at SS: Luis Ocampo
Now in CF: Austin Munoz
Batting: LHB Matt Garrett 0-0: Swinging Strike
0-1: Foul Ball, location: 2F
0-2: Ball
1-2: Ball
2-2: Ball
3-2: SINGLE (Groundball, 34S, EV 70.6 MPH) (infield hit)
Batting: LHB C.J. Simoes 0-0: Ball
1-0: Ball
2-0: Ball
3-0: Called Strike
3-1: Base on Balls
Matt Garrett to second
Pinch Hitting: LHB Jeff Franklin 0-0: Called Strike
0-1: Ball
1-1: Called Strike
1-2: Foul Ball, location: 2F
1-2: Ball
2-2: SINGLE (Groundball, 34D, EV 105.0 MPH)
Matt Garrett to third
C.J. Simoes to second
Pinch Hitting: LHB Josh McCarty 0-0: Called Strike
0-1: Ball
1-1: Ball
2-1: Grounds into double play, 6-4-3 (Groundball, 6, EV 85.0 MPH)
Matt Garrett scores
C.J. Simoes to third
Pinch Hitting: RHB Justin Gosch 0-0: Fly out, F9 (Line Drive, 9S, EV 102.5 MPH)
Bottom of the 8th over - 1 run, 2 hits, 0 errors, 1 left on base; San Francisco 6 - Chicago 3
TOP OF THE 9TH
San Francisco Giants batting - Pitching for Chicago Cubs : RHP Kile Barnes
Now at SS: Justin Gosch
Now in CF: Josh McCarty
Now in RF: Jeff Franklin
Pinch Hitting: LHB Jose Moreno 0-0: Called Strike
0-1: Foul Ball, location: 2F
0-2: Ball
1-2: Ground out 6-3 (Groundball, 56, EV 86.9 MPH)
Batting: RHB Mark Felter 0-0: Ball
1-0: Ground out 6-3 (Groundball, 6D, EV 101.2 MPH)
Batting: RHB Chris Meredith 0-0: Ball
1-0: Ball
2-0: Called Strike
2-1: Ball
3-1: Base on Balls
Batting: RHB Jeremy Lane 0-0: Called Strike
0-1: Called Strike
0-2: Foul Ball, location: 2F
0-2: Strikes out swinging
Top of the 9th over - 0 runs, 0 hits, 0 errors, 1 left on base; San Francisco 6 - Chicago 3
BOTTOM OF THE 9TH
Chicago Cubs batting - Pitching for San Francisco Giants : RHP Kyle Pierce
Pitching: RHP Walton Saslove
Now in RF: Jose Moreno
Pinch Hitting: RHB Fabroni Cartellieri 0-0: Called Strike
0-1: Fly out, F8 (Line Drive, 8LD, EV 94.4 MPH)
Pinch Hitting: RHB Alex Rojas 0-0: Fly out, F8 (Line Drive, 8LD, EV 90.0 MPH)
Batting: RHB Jason Turney 0-0: Called Strike
0-1: Ground out 6-3 (Groundball, 6S, EV 70.0 MPH)
Bottom of the 9th over - 0 runs, 0 hits, 0 errors, 0 left on base; San Francisco 6 - Chicago 3
Wednesday, October 27th , 2021 - OOTP Baseball 22.10 Build 79